Cogmind - Beta 12 @@@ ROGUE MODE // 2023.03.19 @ 21:28:37 Player: Red Box Result: Destroyed by G-50 Soldier with Heavy Laser Performance ------------- Evolutions (4) 2000 Regions Visited (19) 3800 Robots Destroyed (328) 1640 Value Destroyed (13068) 13068 Prototype IDs (65) 1300 Alien Tech Used (1) 200 Bonus (3489) 3489 TOTAL SCORE: 25497 Bonus ------- High Alert Combat Kills 2156 Follower Combat Kills 1030 Entered Garrisons 600 Aligned with FarCom 300 Met Data Miner 300 Friendly Fire -897 Cogmind --------- Core Integrity 0/850 Matter 276/300 Energy 46/290 System Corruption 0% Temperature Cool (13) Movement Treading (320) Ox2 Location -6/Garrison Parts ------- > --- POWER (1) -------- Improved Deuterium Engine > --- PROPULSION (2) --- Improved Medium Treads Compact Wheel > --- UTILITY (10) ----- Power Amplifier Advanced Heat Sink High-capacity Storage Unit Experimental Optical Array Improved Signal Interpreter Experimental Terrain Scan Processor Remote Force Field > --- WEAPON (3) ------- Cooled Phase Cannon Tri-rail Accelerator > --- INVENTORY (20) --- Improved Deuterium Engine Advanced Myomer Leg Combat Airjet Combat Airjet Combat Antigrav System High-capacity Storage Unit High-capacity Battery (250) Compact Battery (200) Energy Well (350) Encrypted Comm Array 8R-AWN's Boregun 8R-AWN's Boregun Mini Grenade Launcher Impact Mace Phasing Sabre Peak State ------------ > --- POWER ------------ Reinforced Fission Core > --- PROPULSION ------- Armored Huge Wheel > --- UTILITY ---------- Advanced Heat Sink High-capacity Storage Unit Experimental Optical Array Experimental Sensor Array Improved Signal Interpreter Advanced Terrain Scanner Experimental Terrain Scan Processor Encrypted Comm Array Advanced Kinecellerator Hacking Suite > --- WEAPON ----------- 8R-AWN's Boregun Tri-rail Accelerator > --- INVENTORY -------- Neutrino Core Advanced Myomer Leg Armored Wheel Combat Antigrav System High-capacity Storage Unit Energy Well Advanced Kinecellerator System Restoration Module Cooled Phase Cannon Cooled Phase Cannon 8R-AWN's Boregun Tri-rail Accelerator Tri-rail Accelerator Tri-rail Accelerator Advanced EMP Blaster Heavy Rocket Launcher Impact Mace [Rating: 106] Favorites ----------- Power Reinforced Fission Core Engine Cooled Ion Engine Power Core Reinforced Fission Core Reactor Cold Fusion Reactor Propulsion Compact Wheel Treads Advanced Treads Leg Advanced Myomer Leg Wheel Compact Wheel Utility High-capacity Storage Unit Device Improved Cooling System Storage High-capacity Storage Unit Processor Improved Signal Interpreter Hackware Hacking Suite Protection Hardened Medium Armor Plating Weapon Advanced Plasma Cannon Energy Gun Gatling Laser Energy Cannon Advanced Plasma Cannon Ballistic Gun Shotgun Ballistic Cannon Improved Light Cannon Launcher Advanced EMP Blaster Impact Weapon Mace Slashing Weapon Scythe Build | -11 -10 -10 -9 -9 -9 -8 -8 -8 -8 -8 -7 -7 -7 -7 -7 -7 -6 -6 -6 ------- Run | Jun Mat Min Mat Min Exi Min Mat Gar Mat Sto Fac Gar Fac Low Low Dat Pro Fac Gar Slots Evolved 8 | . . . 2 . . . 2 . . . 2 . . . . . . 2 . Power . | . . . . . . . . . . . . . . . . . . . . Propulsion . | . . . . . . . . . . . . . . . . . . . . Utility 8 | . . . 2 . . . 2 . . . 2 . . . . . . 2 . Weapon . | . . . . . . . . . . . . . . . . . . . . Parts Attached 360 | 7 6 5 24 6 28 1 35 32 11 18 11 35 34 9 4 . 9 55 30 Power 16 | 1 . . 3 . 3 . 2 1 1 . . 2 . . . . . . 3 Engine 11 | 1 . . 2 . 2 . 2 1 . . . 1 . . . . . . 2 Core 4 | . . . 1 . . . . . 1 . . 1 . . . . . . 1 Reactor 1 | . . . . . 1 . . . . . . . . . . . . . . Propulsion 33 | 2 2 2 3 2 2 1 2 2 1 2 . 2 1 . . . . 3 6 Treads 4 | . . . . . . . . . 1 1 . . . . . . . . 2 Leg 5 | 2 . . . . . . . . . . . 2 . . . . . . 1 Wheel 24 | . 2 2 3 2 2 1 2 2 . 1 . . 1 . . . . 3 3 Hover . | . . . . . . . . . . . . . . . . . . . . Flight . | . . . . . . . . . . . . . . . . . . . . Utility 132 | 2 1 1 6 2 12 . 19 10 2 3 6 13 14 6 4 . . 25 6 Device 79 | 1 . . 2 2 6 . 11 8 . 2 2 6 9 4 3 . . 19 4 Storage 5 | 1 1 . . . 1 . . . 1 . . . . 1 . . . . . Processor 9 | . . 1 1 . . . 1 . . . . 1 2 . 1 . . 2 . Hackware 10 | . . . 1 . . . 4 . . 1 1 . 2 . . . . 1 . Protection 29 | . . . 2 . 5 . 3 2 1 . 3 6 1 1 . . . 3 2 Artifact . | . . . . . . . . . . . . . . . . . . . . Weapon 179 | 2 3 2 12 2 11 . 12 19 7 13 5 18 19 3 . . 9 27 15 Energy Gun 47 | . . . . . . . 3 4 1 4 2 9 7 . . . 6 9 2 Energy Cannon 43 | . . . . . 1 . . 3 3 7 . 6 9 2 . . 1 8 3 Ballistic Gun 28 | 2 2 2 7 . 1 . 3 2 1 . 1 1 . . . . . 3 3 Ballistic Cannon 32 | . . . 4 1 4 . 5 7 2 2 2 . . . . . . 3 2 Launcher 21 | . . . . 1 1 . 1 3 . . . 2 2 1 . . 2 3 5 Special Weapon . | . . . . . . . . . . . . . . . . . . . . Impact Weapon 4 | . 1 . 1 . . . . . . . . . 1 . . . . 1 . Slashing Weapon 4 | . . . . . 4 . . . . . . . . . . . . . . Piercing Weapon . | . . . . . . . . . . . . . . . . . . . . Special Melee Weapon . | . . . . . . . . . . . . . . . . . . . . Unidentified Prototypes 18 | . . . . . 3 . 3 . . . 1 1 3 1 . . . 6 . Parts Lost 71 | . . 1 4 1 5 . 3 5 . . 4 10 2 1 . . . 15 20 Power 4 | . . . 2 . . . . . . . . . . . . . . . 2 Propulsion 16 | . . 1 2 . 2 . 2 2 . . . 2 . . . . . 1 4 Utility 35 | . . . . 1 3 . 1 3 . . 4 5 2 1 . . . 7 8 Weapon 16 | . . . . . . . . . . . . 3 . . . . . 7 6 Highest Loss Streak 16 | . . 1 2 1 2 . 2 4 . . 2 6 1 1 . . . 6 16 To Critical Strikes 1 | . . . . . 1 . . . . . . . . . . . . . . Average Slot Usage (%) 92 | . 99 99 99 99 98 100 99 98 100 99 99 85 80 84 85 85 84 85 76 Engine 5 | . 14 14 7 11 11 11 9 9 4 . . 3 . . . . . . 3 Core 3 | . . . 2 . . . . . 4 9 7 3 7 7 7 7 7 6 2 Treads 1 | . . . . . . . . . 5 9 7 1 . . . . . . 3 Leg 1 | . 2 . . . . . . . . . . 10 2 . . . . . . Wheel 13 | . 25 27 21 22 21 22 17 17 12 8 7 1 5 7 7 7 7 5 5 Device 15 | . 14 1 5 10 11 11 17 18 27 26 28 9 13 20 15 14 14 23 17 Storage 8 | . 14 14 11 11 11 11 9 9 9 9 7 7 7 7 7 7 7 6 6 Processor 5 | . . 12 11 11 5 . 4 1 . . . . 5 . 5 7 7 11 18 Hackware 6 | . . . 10 . . . 11 9 9 9 7 9 6 7 7 7 7 7 2 Protection 11 | . . . 6 11 14 22 11 15 9 9 16 19 13 13 14 14 14 7 3 Energy Gun 3 | . . . . . . . . 3 1 6 6 9 6 . . . 16 6 . Energy Cannon 5 | . . . . . 2 . . 3 13 4 6 3 8 20 21 21 4 4 3 Ballistic Gun 4 | . 26 28 17 . . . 2 3 . . . . . . . . . . 2 Ballistic Cannon 6 | . . . 4 21 15 22 15 7 3 7 . . . . . . . 2 4 Naked Turns . | . . . . . . . . . . . . . . . . . . . . Heaviest Build 125 | 15 50 51 66 66 77 73 75 83 93 93 103 123 125 121 120 119 119 120 102 Greatest Support 60 | 20 20 26 32 32 32 32 32 32 22 12 12 60 60 28 28 28 28 28 30 Greatest Overweight (x) 8 | 1 2 5 5 2 4 2 4 8 7 7 8 7 4 4 4 4 4 4 6 Average Overweight (x) 2 | . 1 1 1 1 1 2 2 2 4 7 7 2 3 3 4 4 3 3 4 Largest Inventory Capacity 20 | 8 20 20 20 20 20 20 20 20 20 20 20 20 20 20 20 20 20 20 20 Average Capacity 19 | 6 17 20 20 20 20 20 20 20 20 20 20 20 20 20 20 20 20 20 20 Most Carried 20 | 8 20 20 20 20 20 20 20 20 20 20 20 20 20 20 20 20 20 20 20 Average Carried 18 | 5 11 19 18 19 18 19 19 19 19 19 19 19 19 19 19 20 19 19 15 Final Capacity 20 | 8 20 20 20 20 20 20 20 20 20 20 20 20 20 20 20 20 20 20 20 Final Carried 20 | 8 20 20 20 20 20 20 20 20 20 20 19 20 20 20 20 20 20 18 15 Class Distribution -------------------- 70% | Mutant 7% | Hacker-Mutant 6% | Tank 6% | Scavenger-Mutant Dominant Class ---------------- Mutant | -10/Materials Mutant | -10/Mines Mutant | -9/Materials Mutant | -9/Mines Mutant | -9/Exiles Mutant | -8/Mines Mutant | -8/Materials Mutant | -8/Garrison Mutant | -8/Materials Mutant | -8/Storage Mutant | -7/Factory Mutant | -7/Garrison Mutant | -7/Factory Tank | -7/Lower Caves Mutant | -7/Lower Caves Mutant | -7/Data Miner Mutant | -6/Proximity Caves Skirmisher | -6/Factory Scavenger-Mutant | -6/Garrison Resources | -11 -10 -10 -9 -9 -9 -8 -8 -8 -8 -8 -7 -7 -7 -7 -7 -7 -6 -6 -6 ----------- Run | Jun Mat Min Mat Min Exi Min Mat Gar Mat Sto Fac Gar Fac Low Low Dat Pro Fac Gar Matter Collected 8345 | 284 483 164 805 437 357 68 1073 1005 412 382 186 473 352 110 40 . 100 894 720 Remotely . | . . . . . . . . . . . . . . . . . . . . Salvage Created 11046 | 96 301 169 1015 47 361 44 604 842 617 725 796 1017 1144 604 51 . 184 1744 685 Parts 626 | 7 29 11 73 6 34 . 35 38 42 39 44 44 51 24 3 . 12 98 36 Haulers Intercepted 10 | . . . 2 . . . 2 1 . 2 1 . 1 . . . . 1 . Recyclers Shooed 7 | . . . 2 . . . . . 1 1 . . 1 . . . . 2 . Parts Field Recycled . | . . . . . . . . . . . . . . . . . . . . Retrieved Matter . | . . . . . . . . . . . . . . . . . . . . Parts Self-Destructed 45 | . . . . . . . . . . . . . . 21 6 . 18 . . Prevented 5 | . . . . . . . . . . . . . . 5 . . . . . Kills | -11 -10 -10 -9 -9 -9 -8 -8 -8 -8 -8 -7 -7 -7 -7 -7 -7 -6 -6 -6 ------- Run | Jun Mat Min Mat Min Exi Min Mat Gar Mat Sto Fac Gar Fac Low Low Dat Pro Fac Gar Combat Hostiles Destroyed 272 | . 7 5 25 14 8 1 20 27 11 15 18 25 21 11 2 . 7 35 20 Melee 1 | . . . . . 1 . . . . . . . . . . . . . . Guns 101 | . 7 5 21 . . . 1 3 2 3 14 18 8 . . . 7 9 3 Cannons 118 | . . . 4 11 2 1 17 12 5 12 2 3 8 10 1 . . 17 13 AOE 46 | . . . . 3 5 . 2 12 4 . 2 3 2 1 . . . 8 4 Classes Destroyed 24 | 2 4 . 2 1 2 1 1 1 1 . . . . 2 . . 1 4 2 Worker 14 | . 2 . . . . . 1 . 3 1 2 . . . . . . 5 . Builder 10 | . . . . . . . 1 . 2 . 2 . . . . . . 5 . Tunneler 3 | 1 . . . . . . . . . . . . . . . . . 2 . Hauler 10 | . . . 2 . . . 2 1 . 2 1 . 1 . . . . 1 . Recycler 7 | 1 . . 2 . . . . . 1 . 1 . 2 . . . . . . Mechanic 1 | . . . . . . . . . . . . . . . . . . 1 . Operator 1 | . . . . . . . . . 1 . . . . . . . . . . Drone 1 | . . . . . . . . . . . . . . . . . 1 . . Turret 1 | . . . . . 1 . . . . . . . . . . . . . . Watcher 15 | . 2 . 4 . . . 2 . 2 1 . . . . . . . 4 . Swarmer 84 | . 3 1 9 3 . . 6 7 3 3 11 10 8 4 2 . 5 2 7 Grunt 83 | . 4 4 6 . . . 5 12 4 4 5 8 5 4 . . . 17 5 Brawler 2 | . . . . . . . . . . . . . . 1 . . . . 1 Duelist 3 | . . . . . . . . . . . . . . 1 . . . . 2 Protector 3 | . . . . . . . . . . . . . . . . . . 2 1 Sentry 48 | . . . 10 . . . 8 6 4 8 2 2 3 1 . . 1 2 1 Demolisher 1 | . . . . . . . . . . . . . . . . . . . 1 Specialist 3 | . . . . . . . . . . . . . . . . . . 3 . Hunter 8 | . . . . . . 1 1 . . . . 1 1 . . . . 3 1 Programmer 15 | . . . . . . . . 2 . . . 4 4 . . . . 5 . Heavy 1 | . . . . . . . . . . . . . . . . . . 1 . Behemoth 1 | . . . . . . . . . . . . . . . . . . . 1 Zionite 7 | . . . . . 7 . . . . . . . . . . . . . . Assembled 18 | . . . . 11 7 . . . . . . . . . . . . . . Thug 2 | . . . . . . . . 1 . . . . . . . . . . 1 Butcher 1 | . . . . . . . . . . . . . . . . . . . 1 Best Kill Streak 19 | 1 3 2 5 4 7 1 8 10 10 5 11 9 5 6 2 . 2 19 5 Combat Bots Only 12 | . 3 2 4 4 7 1 7 9 5 5 7 9 4 6 2 . 2 12 5 Max Kills in Single Turn 6 | 1 2 1 2 2 3 1 3 4 5 2 3 2 2 2 1 . 2 6 3 Gunslinging 1 | . . . 1 . . . . . . . 1 . 1 . . . . 1 . Exploded 6 | . . . . 2 3 . 2 4 3 . 2 2 2 1 . . . 6 3 Melee 1 | . . . . . 1 . . . . . . . . . . . . . . Uniques/NPCs Destroyed 4 | . . . . . 4 . . . . . . . . . . . . . . 8R-AWN (-9/Exiles) EX-DEC (-9/Exiles) EX-HEX (-9/Exiles) EX-BIN (-9/Exiles) Combat | -11 -10 -10 -9 -9 -9 -8 -8 -8 -8 -8 -7 -7 -7 -7 -7 -7 -6 -6 -6 -------- Run | Jun Mat Min Mat Min Exi Min Mat Gar Mat Sto Fac Gar Fac Low Low Dat Pro Fac Gar Damage Taken 18331 | . 441 240 655 216 1024 120 1046 1511 446 364 1012 2317 1260 557 14 . 161 4300 2647 Core 2482 | . 96 98 175 . 210 . 234 171 27 25 107 269 135 38 . . 31 393 473 Absorbed by Shields 1158 | . . . . 47 . . 156 113 91 137 339 . 227 . . . . . 48 Regen/Repaired (Parts) 1365 | . 94 . 26 . . . 517 . . 145 . . . . . . . 490 93 Core Remaining (%) 31 | 100 . 22 . . . 3 . . . 16 . . . . . . 17 . . Volleys Fired 940 | 5 37 13 77 46 34 3 93 95 28 44 52 104 62 20 26 . 11 100 90 Largest 3 | 2 2 2 2 2 2 2 2 2 2 2 2 2 2 3 3 . 3 3 2 Hottest 294 | 40 40 46 70 78 120 78 100 114 130 130 130 160 196 294 294 . 191 294 141 Shots Fired 1674 | 10 74 26 154 92 43 7 173 155 47 82 102 145 115 53 39 . 21 213 123 Gun 623 | 10 74 26 110 . . . 9 56 6 25 69 70 44 . . . 16 87 21 Cannon 1004 | . . . 44 90 41 7 162 85 41 57 33 69 69 50 39 . 3 118 96 Launcher 47 | . . . . 2 2 . 2 14 . . . 6 2 3 . . 2 8 6 Special . | . . . . . . . . . . . . . . . . . . . . Kinetic 826 | 10 74 26 154 90 15 7 166 103 12 31 18 14 . . . . . 51 55 Thermal 644 | . . . . . 26 . 5 8 8 27 62 122 74 50 39 . 19 142 62 Explosive 26 | . . . . 2 2 . 2 6 . . . 4 . . . . . 7 3 Electromagnetic 178 | . . . . . . . . 38 27 24 22 5 41 3 . . 2 13 3 Robot Hit Streak 18 | 3 11 6 16 4 14 15 15 11 5 13 13 18 7 9 1 . 7 10 12 Robot Miss Streak 10 | 2 7 4 4 3 3 2 4 8 6 7 6 10 7 2 2 . 5 8 5 Penetration Max 1 | . . . . . . . . . . . . 1 . . . . . 1 . Secondary Targets 11 | . 2 1 1 . . . . . . . 1 1 1 . . . 1 2 1 Max Gunslinging Chain 1 | . 1 1 1 . . . . . . . 1 1 1 . . . 1 1 1 Shots Hit Robots 987 | 6 41 17 113 24 58 3 85 99 25 56 82 72 58 28 2 . 12 143 63 Core Hits 682 | 2 19 12 55 17 29 2 35 88 23 42 50 65 31 17 1 . 16 135 43 Critical Kills 11 | . . . . . . . . . 1 . . 2 1 . 1 . . 4 2 Critical Parts Destroyed 8 | . 2 . . . . . . . . . . . . . . . . 2 4 Critical Strikes 37 | . 2 . 1 1 3 1 5 . 1 . 1 2 2 . 1 . . 8 9 Burn 2 | . . . . . . . . . . . . . . . . . . 2 . Meltdown 3 | . . . . . . . . . . . . . 1 . 1 . . 1 . Destroy 16 | . 2 . . . . . . . 1 . . 2 . . . . . 4 7 Blast 11 | . . . 1 1 . 1 5 . . . 1 . . . . . . . 2 Corrupt 1 | . . . . . . . . . . . . . 1 . . . . . . Smash 1 | . . . . . . . . . . . . . . . . . . 1 . Sever 3 | . . . . . 3 . . . . . . . . . . . . . . Melee Attacks 80 | . 24 . 5 . 50 . . . . . . . . . . . . 1 . Impact 30 | . 24 . 5 . . . . . . . . . . . . . . 1 . Slashing 50 | . . . . . 50 . . . . . . . . . . . . . . Piercing . | . . . . . . . . . . . . . . . . . . . . Sneak Attacks 4 | . . . . . 4 . . . . . . . . . . . . . . Combat Hostiles . | . . . . . . . . . . . . . . . . . . . . Follow-up Attacks 3 | . . . . . 3 . . . . . . . . . . . . . . Damage Inflicted 33624 | 76 548 294 1925 654 2782 48 2378 2715 1658 1325 2009 2029 2068 1267 66 . 256 7845 3681 Guns 8372 | 76 548 294 1393 . . . 135 386 49 416 1044 1386 656 . . . 166 1508 315 Cannons 16361 | . . . 532 481 1045 48 1826 1244 668 909 625 276 1129 973 66 . . 3787 2752 Explosions 7529 | . . . . 173 430 . 417 1085 941 . 340 367 283 294 . . 90 2495 614 Melee 1362 | . . . . . 1307 . . . . . . . . . . . . 55 . Ramming . | . . . . . . . . . . . . . . . . . . . . Kinetic 12746 | 76 548 294 1925 481 128 48 1877 1509 97 475 337 58 . . . . . 2322 2571 Thermal 11474 | . . . . . 917 . 84 50 161 461 1257 1604 1332 973 66 . 166 3869 534 Explosive 4798 | . . . . 173 430 . 417 767 862 . 99 149 . . . . . 1470 431 Electromagnetic 3244 | . . . . . . . . 389 538 389 316 218 736 294 . . 90 129 145 Impact 55 | . . . . . . . . . . . . . . . . . . 55 . Slashing 1307 | . . . . . 1307 . . . . . . . . . . . . . . Piercing . | . . . . . . . . . . . . . . . . . . . . Highest Corruption 7 | . . . . . 7 7 . 2 . 2 1 1 2 . . . . 2 . Average Corruption 4 | . . . . . 6 7 . 1 . 2 1 1 1 . . . . 1 . Corruption Purged 9 | . . . . . . . . 2 . . . 3 2 . . . . 2 . Corruption Blocked 1 | . . . . . . . . . . . . . 1 . . . . . . Effects 63 | . . . . . 26 12 . 7 . 8 . 3 1 . . . . 6 . Message Errors 17 | . . . . . 7 4 . 2 . . . 2 . . . . . 2 . Matter Fused 12 | . . . . . 5 1 . . . 4 . . 1 . . . . 1 . Heat Flow Errors 12 | . . . . . 5 2 . 3 . 2 . . . . . . . . . Energy Discharges 6 | . . . . . 2 2 . . . . . 1 . . . . . 1 . Parts Fused 1 | . . . . . . 1 . . . . . . . . . . . . . Data Loss (minor) 8 | . . . . . 3 . . 2 . 1 . . . . . . . 2 . Data Loss (major) 2 | . . . . . 1 1 . . . . . . . . . . . . . Misfires 4 | . . . . . 2 1 . . . 1 . . . . . . . . . Alerts 1 | . . . . . 1 . . . . . . . . . . . . . . Overload Shots . | . . . . . . . . . . . . . . . . . . . . Overflow Damage 895 | . . . . . 63 . 70 80 252 30 53 . 42 55 6 . . 244 . Projectiles 393 | . . . . . 54 . 40 . 11 30 45 . 42 53 6 . . 112 . Explosions 438 | . . . . . . . 30 80 241 . 8 . . 2 . . . 77 . Melee 64 | . . . . . 9 . . . . . . . . . . . . 55 . Knockbacks 101 | . . . 5 7 2 2 23 23 1 6 2 . . . . . . 14 16 Impact 1 | . . . . . . . . . . . . . . . . . . 1 . Kinetic 98 | . . . 5 7 2 2 23 22 1 6 2 . . . . . . 13 15 Secondary 2 | . . . . . . . . 1 . . . . . . . . . . 1 Self-Inflicted Damage 559 | . . . . . 33 . . 11 99 . . 68 . . . . 8 268 72 Shots 15 | . . . . . 1 . . 1 2 . . 2 . . . . 1 5 3 Rammed . | . . . . . . . . . . . . . . . . . . . . Targets Rammed . | . . . . . . . . . . . . . . . . . . . . Kicked . | . . . . . . . . . . . . . . . . . . . . Crushed . | . . . . . . . . . . . . . . . . . . . . Highest Temperature 454 | . 20 22 48 324 435 234 174 173 249 138 228 405 454 420 279 . 102 439 320 Average Temperature 102 | . 5 7 14 93 141 106 63 30 116 30 68 103 115 165 107 . 42 131 123 Received Heat Transfer 4484 | . 165 117 162 40 40 . 267 674 183 66 143 537 254 99 . . 6 1029 702 Effects 20 | . . . . . 3 . . . . . . 5 1 5 . . . 5 1 Shutdowns 3 | . . . . . . . . . . . . . . 1 . . . 2 . Energy Bleed 2 | . . . . . . . . . . . . 1 . . . . . . 1 Interference 11 | . . . . . 2 . . . . . . 3 . 3 . . . 3 . Short Circuit 2 | . . . . . . . . . . . . 1 1 . . . . . . Damage (minor) 2 | . . . . . 1 . . . . . . . . 1 . . . . . Siege Activations . | . . . . . . . . . . . . . . . . . . . . Robots Corrupted 1 | . . . . . . . . . . . . . 1 . . . . . . Combat Hostiles 1 | . . . . . . . . . . . . . 1 . . . . . . Parts Fried 15 | . . . . . . . . 2 5 2 . . 2 3 . . . 1 . Impact Corruptions 1 | . . . . . . . . . . . . . . . . . . 1 . Robots Melted 6 | . . . . . 1 . . . . . . 1 2 . 1 . . 1 . Combat Hostiles 4 | . . . . . . . . . . . . 1 2 . 1 . . . . Parts Melted 38 | . . . . . 12 . . 1 . 1 2 9 6 3 . . 1 3 . Heat Transferred 16829 | . . . . . 2000 . 148 87 211 592 2094 3090 1849 1450 100 . 277 4469 462 Parts Sabotaged . | . . . . . . . . . . . . . . . . . . . . Parts Stolen . | . . . . . . . . . . . . . . . . . . . . Parts Stripped . | . . . . . . . . . . . . . . . . . . . . Power Chain Reactions 7 | . . . . . . . . 1 1 . 2 . 2 . . . . . 1 Missiles Intercepted . | . . . . . . . . . . . . . . . . . . . . Alert | -11 -10 -10 -9 -9 -9 -8 -8 -8 -8 -8 -7 -7 -7 -7 -7 -7 -6 -6 -6 ------- Run | Jun Mat Min Mat Min Exi Min Mat Gar Mat Sto Fac Gar Fac Low Low Dat Pro Fac Gar Peak Influence 1287 | 10 190 121 234 155 . 45 293 1159 902 480 454 1287 956 . . . . 998 1248 Initial 698 | . 6 24 46 72 . . 17 21 564 190 107 257 675 . . . . . 698 Average 376 | 4 83 63 122 41 . 35 107 630 687 288 167 816 776 . . . . 436 1011 Maximum Alert Level 4 | . . . 1 . . . 1 4 3 2 2 4 3 . . . . 3 4 Low Security (%) 51 | 100 100 100 92 100 . 100 91 14 . 23 72 . . . . . . 32 . Level 1 12 | . . . 7 . . . 8 20 . 69 21 12 . . . . . 15 . Level 2 11 | . . . . . . . . 21 48 7 6 18 27 . . . . 30 . Level 3 20 | . . . . . . . . 25 51 . . 44 72 . . . . 22 74 Level 4 4 | . . . . . . . . 18 . . . 24 . . . . . . 24 Level 5 . | . . . . . . . . . . . . . . . . . . . . High Security . | . . . . . . . . . . . . . . . . . . . . Max Security . | . . . . . . . . . . . . . . . . . . . . Squads Dispatched 44 | . . . 1 . . . . . 6 2 5 . 9 . . . . 21 . Investigation 9 | . . . 1 . . . . . 1 . . . 1 . . . . 6 . Extermination 8 | . . . . . . . . . . . 1 . 4 . . . . 3 . Reinforcement 9 | . . . . . . . . . . 1 1 . . . . . . 7 . Assault 4 | . . . . . . . . . 1 . . . 2 . . . . 1 . Garrison 14 | . . . . . . . . . 4 1 3 . 2 . . . . 4 . Intercept . | . . . . . . . . . . . . . . . . . . . . Searches Triggered . | . . . . . . . . . . . . . . . . . . . . Data Miner Redirects 7 | . . . . . . . . . . . . . . . . . . 7 . Construction Impeded 3 | . . . . . . . . . . . . . . . . . . 3 . Haulers Reinforced 1 | . . . . . . . . . . . . . . . . . . 1 . Active Scanning Responses . | . . . . . . . . . . . . . . . . . . . . Cargo Convoy Interrupts 1 | . . . . . . . . . . . . . . . . . . 1 . Stealth | -11 -10 -10 -9 -9 -9 -8 -8 -8 -8 -8 -7 -7 -7 -7 -7 -7 -6 -6 -6 --------- Run | Jun Mat Min Mat Min Exi Min Mat Gar Mat Sto Fac Gar Fac Low Low Dat Pro Fac Gar Distress Signals 13 | . 1 . 1 . . . 1 . 1 2 2 . 1 . . . 1 3 . Communications Jammed 140 | . . . . . . . 63 . 1 58 18 . . . . . . . . Distress Signals 140 | . . . . . . . 63 . 1 58 18 . . . . . . . . Times Spotted 477 | . 17 10 36 16 45 1 47 37 22 28 32 31 32 15 2 . 12 63 31 Peak Tracking Total 11 | . 4 3 5 3 9 1 8 9 5 5 6 9 4 7 2 . 4 11 9 Tactical Retreats 38 | . 1 2 . 2 9 . 1 . . . 4 3 5 3 . . 1 2 5 Traps | -11 -10 -10 -9 -9 -9 -8 -8 -8 -8 -8 -7 -7 -7 -7 -7 -7 -6 -6 -6 ------- Run | Jun Mat Min Mat Min Exi Min Mat Gar Mat Sto Fac Gar Fac Low Low Dat Pro Fac Gar Traps Triggered 23 | . . . . . . . 2 3 1 2 . 3 5 . . . . 2 5 Indirectly 1 | . . . . . . . . 1 . . . . . . . . . . . Trap Hack Attempts . | . . . . . . . . . . . . . . . . . . . . Triggered . | . . . . . . . . . . . . . . . . . . . . Disarmed . | . . . . . . . . . . . . . . . . . . . . Reprogrammed 6 | . . . 6 . . . . . . . . . . . . . . . . Reused 1 | . . . 1 . . . . . . . . . . . . . . . . Traps Extracted . | . . . . . . . . . . . . . . . . . . . . Installed 1 | . . . . . 1 . . . . . . . . . . . . . . Triggered 3 | . . . 1 . . . . . . . . . 2 . . . . . . Most Traps Carried 1 | . . . . 1 1 . . . . . . . . . . . . . . Machines | -11 -10 -10 -9 -9 -9 -8 -8 -8 -8 -8 -7 -7 -7 -7 -7 -7 -6 -6 -6 ---------- Run | Jun Mat Min Mat Min Exi Min Mat Gar Mat Sto Fac Gar Fac Low Low Dat Pro Fac Gar Machines Disabled 61 | . 1 . . . 8 . 2 6 4 4 1 6 4 . . . . 23 2 Max in Single Turn 8 | . 1 . . . 2 . 1 1 1 1 1 1 1 . . . . 8 1 Garrison Relay 10 | . . . . . . . . 4 . . . 4 . . . . . . 2 Machines Repaired . | . . . . . . . . . . . . . . . . . . . . Machines Sabotaged . | . . . . . . . . . . . . . . . . . . . . Overloaded Fab Kills . | . . . . . . . . . . . . . . . . . . . . Hacking | -11 -10 -10 -9 -9 -9 -8 -8 -8 -8 -8 -7 -7 -7 -7 -7 -7 -6 -6 -6 --------- Run | Jun Mat Min Mat Min Exi Min Mat Gar Mat Sto Fac Gar Fac Low Low Dat Pro Fac Gar Machines Accessed 115 | . 11 . 18 . 2 . 16 3 7 14 3 3 14 1 . 4 . 18 1 Terminals 67 | . 8 . 12 . . . 10 3 7 10 2 3 6 . . . . 5 1 Fabricators 6 | . . . . . . . . . . . . . 1 . . . . 5 . Repair Stations 10 | . 1 . 2 . . . 2 . . 2 . . 2 . . . . 1 . Recycling Units 14 | . 2 . 2 . . . 2 . . 2 . . 3 . . . . 3 . Scanalyzers 6 | . . . 2 . . . 1 . . . . . 1 . . . . 2 . Garrison Access 5 | . . . . . . . 1 . . . 1 . 1 . . . . 2 . Total Hacks 416 | . 49 . 60 . 2 . 53 11 36 55 8 6 39 1 . 30 . 65 1 Successful 249 | . 28 . 43 . 2 . 38 4 19 36 5 2 17 1 . 30 . 24 . Failed 164 | . 21 . 16 . . . 14 7 17 18 3 4 22 . . . . 41 1 Catastrophic 23 | . 2 . 1 . . . 1 . 3 4 . . 7 . . . . 4 1 Database Lockouts 3 | . . . 1 . . . 1 . . 1 . . . . . . . . . Manual 187 | . 37 . 31 . 1 . 25 5 25 23 5 3 12 . . . . 20 . Terminals 245 | . 43 . 41 . . . 28 11 36 38 5 6 14 . . . . 22 1 Fabricators 18 | . . . . . . . . . . . . . 1 . . . . 17 . Repair Stations 30 | . 2 . 5 . . . 10 . . 6 . . 6 . . . . 1 . Recycling Units 44 | . 4 . 6 . . . 7 . . 11 . . 9 . . . . 7 . Scanalyzers 33 | . . . 8 . . . 6 . . . . . 8 . . . . 11 . Garrison Access 13 | . . . . . . . 2 . . . 3 . 1 . . . . 7 . Terminal Hacks 114 | . 15 . 16 . 2 . 9 3 11 14 1 2 4 1 . 30 . 6 . Record 12 | . . . . . 1 . . . . . . . . . . 11 . . . Part Schematic 15 | . . . . . . . . . . 2 . . . . . 12 . 1 . Robot Schematic 4 | . . . . . . . . . . . . . . . . 4 . . . Robot Analysis 20 | . 7 . 2 . . . 2 . 3 2 1 . 2 . . . . 1 . Prototype ID Bank 14 | . 4 . 2 . . . 2 . . 3 . . . . . 3 . . . Open Door 4 | . . . . . . . . 1 . 2 . . . 1 . . . . . Branch Access Points 6 | . 1 . 1 . . . 1 . 1 . . . 1 . . . . 1 . Emergency Access Points 1 | . . . . . . . . 1 . . . . . . . . . . . Terminal Index 5 | . 1 . 1 . . . 1 . 1 1 . . . . . . . . . Recycling Unit Index 2 | . . . 1 . . . . . 1 . . . . . . . . . . Scanalyzer Index 1 | . . . 1 . . . . . . . . . . . . . . . . Alert Level 2 | . . . 1 . . . . . . . . . . . . . . 1 . Unreport Threat 8 | . . . 1 . . . 1 . 2 2 . . 1 . . . . 1 . Locate Traps 3 | . . . 1 . . . . . . 1 . . . . . . . 1 . Reprogram Traps 1 | . . . 1 . . . . . . . . . . . . . . . . Dispatch Records 1 | . . . 1 . . . . . . . . . . . . . . . . Security Status 3 | . . . 1 . . . 1 . 1 . . . . . . . . . . Recall Investigation 1 | . . . . . . . . . 1 . . . . . . . . . . Hauler Manifests 4 | . 1 . 1 . . . . . 1 1 . . . . . . . . . Registered Components 1 | . . . 1 . . . . . . . . . . . . . . . . Zone Layout 2 | . 1 . . . . . 1 . . . . . . . . . . . . Garrison Registry 1 | . . . . . . . . . . . . 1 . . . . . . . Patrol Navigation 1 | . . . . . . . . 1 . . . . . . . . . . . Security Stations 1 | . . . . . . . . . . . . 1 . . . . . . . EX-Prototype ID Bank 1 | . . . . . 1 . . . . . . . . . . . . . . Fabricator Hacks 8 | . . . . . . . . . . . . . . . . . . 8 . Network Status 1 | . . . . . . . . . . . . . . . . . . 1 . Load Schematic 3 | . . . . . . . . . . . . . . . . . . 3 . Build 4 | . . . . . . . . . . . . . . . . . . 4 . Repair Station Hacks 24 | . 2 . 4 . . . 10 . . 6 . . 2 . . . . . . Scan Component 13 | . 1 . 2 . . . 5 . . 3 . . 2 . . . . . . Repair 11 | . 1 . 2 . . . 5 . . 3 . . . . . . . . . Recycling Unit Hacks 13 | . 1 . 3 . . . 1 . . 3 . . 3 . . . . 2 . Report Inventory 3 | . 1 . 1 . . . . . . 1 . . . . . . . . . Retrieve Components 10 | . . . 2 . . . 1 . . 2 . . 3 . . . . 2 . Scanalyzer 16 | . . . 6 . . . 3 . . . . . 4 . . . . 3 . Insert Component 8 | . . . 3 . . . 1 . . . . . 2 . . . . 2 . Analyze 8 | . . . 3 . . . 2 . . . . . 2 . . . . 1 . Garrison Access Hacks 3 | . . . . . . . 1 . . . 1 . . . . . . 1 . Unlock Access 3 | . . . . . . . 1 . . . 1 . . . . . . 1 . Unauthorized Hacks 71 | . 10 . 14 . . . 14 1 8 13 3 . 4 . . . . 4 . Terminals 50 | . 9 . 12 . . . 10 1 8 7 2 . . . . . . 1 . Track 12 | . 2 . 4 . . . 2 . 2 2 . . . . . . . . . Assimilate 7 | . 3 . 1 . . . 3 . . . . . . . . . . . . Botnet 25 | . 3 . 6 . . . 4 1 4 5 1 . . . . . . 1 . Disrupt 1 | . . . . . . . . . 1 . . . . . . . . . . Operators 5 | . 1 . 1 . . . 1 . 1 . 1 . . . . . . . . Fabricators 1 | . . . . . . . . . . . . . . . . . . 1 . Report 1 | . . . . . . . . . . . . . . . . . . 1 . Repair Stations . | . . . . . . . . . . . . . . . . . . . . Recycling Units 16 | . 1 . 2 . . . 3 . . 6 . . 4 . . . . . . Monitor 2 | . . . . . . . . . . 1 . . 1 . . . . . . Reject 7 | . 1 . 1 . . . 1 . . 2 . . 2 . . . . . . Recyclers 3 | . . . . . . . 1 . . 1 . . 1 . . . . . . Mask 4 | . . . 1 . . . 1 . . 2 . . . . . . . . . Scanalyzers . | . . . . . . . . . . . . . . . . . . . . Garrison Access 4 | . . . . . . . 1 . . . 1 . . . . . . 2 . Reprogram 1 | . . . . . . . . . . . . . . . . . . 1 . Watchers 3 | . . . . . . . 1 . . . 1 . . . . . . 1 . Data Cores Recovered 3 | . . . . . . . . . 1 . . . . . . . . 2 . Used . | . . . . . . . . . . . . . . . . . . . . Hacking Detections 100 | . 11 . 15 . . . 14 2 7 12 3 3 14 . . . . 18 1 Full Trace Events 6 | . . . . . . . . . 1 . . . 1 . . . . 4 . Feedback Events 1 | . . . . . . . . . . . . . 1 . . . . . . Corruption 1 | . . . . . . . . . . . . . 1 . . . . . . Feedback Blocked . | . . . . . . . . . . . . . . . . . . . . Robot Schematics Acquired 4 | . . . . . . . . . . . . . . . . 4 . . . Robots Built 5 | . . . . . . . . . . . . . . . . . . 5 . Authchips . | . . . . . . . . . . . . . . . . . . . . Time 210 | . . . . . . . . . . . . . . . . . . 210 . Total Robot Build Rating 22 | . . . . . . . . . . . . . . . . . . 22 . Part Schematics Acquired 21 | . . . 3 . . . 1 . . 2 . . 1 . . 12 . 2 . Parts Built 1 | . . . . . . . . . . . . . . . . . . 1 . Authchips . | . . . . . . . . . . . . . . . . . . . . Time 228 | . . . . . . . . . . . . . . . . . . 228 . Total Part Build Rating 5 | . . . . . . . . . . . . . . . . . . 5 . Parts Repaired 11 | . 1 . 2 . . . 5 . . 3 . . . . . . . . . Time 557 | . 13 . 134 . . . 276 . . 134 . . . . . . . . . Parts Recycled . | . . . . . . . . . . . . . . . . . . . . Recycled Matter . | . . . . . . . . . . . . . . . . . . . . Retrieved Matter . | . . . . . . . . . . . . . . . . . . . . Retrieved Components 46 | . . . 11 . . . 10 . . 10 . . 11 . . . . 4 . Parts Scanalyzed 7 | . . . 3 . . . 1 . . . . . 2 . . . . 1 . Part Schematics Acquired 6 | . . . 3 . . . 1 . . . . . 1 . . . . 1 . Parts Damaged 1 | . . . . . . . 1 . . . . . . . . . . . . Bothacking | -11 -10 -10 -9 -9 -9 -8 -8 -8 -8 -8 -7 -7 -7 -7 -7 -7 -6 -6 -6 ------------ Run | Jun Mat Min Mat Min Exi Min Mat Gar Mat Sto Fac Gar Fac Low Low Dat Pro Fac Gar Used RIF Installer . | . . . . . . . . . . . . . . . . . . . . Robots Hacked . | . . . . . . . . . . . . . . . . . . . . Non-combat . | . . . . . . . . . . . . . . . . . . . . Combat . | . . . . . . . . . . . . . . . . . . . . Robot Hacks Applied . | . . . . . . . . . . . . . . . . . . . . Relay Couplers Released 46 | . . . . . . . . 19 . . . 20 . . . . . . 7 Machine Destruction 43 | . . . . . . . . 16 . . . 20 . . . . . . 7 Programmers 3 | . . . . . . . . 3 . . . . . . . . . . . Fabnet Peak Effective % . | . . . . . . . . . . . . . . . . . . . . Robots Rewired 5 | . . . . . . . . 3 . . . . . 2 . . . . . Allies Hacked . | . . . . . . . . . . . . . . . . . . . . Hacks Repelled . | . . . . . . . . . . . . . . . . . . . . Allies | -11 -10 -10 -9 -9 -9 -8 -8 -8 -8 -8 -7 -7 -7 -7 -7 -7 -6 -6 -6 -------- Run | Jun Mat Min Mat Min Exi Min Mat Gar Mat Sto Fac Gar Fac Low Low Dat Pro Fac Gar Total Allies 31 | . 1 3 1 . . . 2 3 . 10 . . . 2 . . 1 6 2 Largest Group 10 | . 1 3 3 1 . . 2 4 1 10 . . . 2 2 . 1 3 2 Highest-Rated Group 173 | . 10 40 40 10 . . 49 104 23 173 . . . 48 48 . 96 118 84 Highest-Rated Ally 96 | . 10 16 16 10 . . 26 31 23 29 . . . 32 32 . 96 96 46 Warlord Squad Rendezvous 3 | . . . . . . . . . . . . . . . . . . 3 . Dakka 1 | . . . . . . . . . . . . . . . . . . 1 . Muscle 1 | . . . . . . . . . . . . . . . . . . 1 . Geek 1 | . . . . . . . . . . . . . . . . . . 1 . Total Orders 50 | . . 2 17 2 . . 12 10 . . 2 . . . 5 . . . . STAY 25 | . . 1 9 1 . . 6 6 . . . . . . 2 . . . . FOLLOW 23 | . . 1 8 1 . . 6 4 . . . . . . 3 . . . . EXPLORE 1 | . . . . . . . . . . . 1 . . . . . . . . RETURN 1 | . . . . . . . . . . . 1 . . . . . . . . Ally Attacks 243 | . . 12 13 . . . . 16 . 120 . . . 4 4 . 14 44 16 Total Damage 4678 | . . 112 143 . . . . 322 . 1562 . . . 72 65 . 499 1459 444 Kills 41 | . . 2 2 . . . . 3 . 12 . . . 2 1 . 6 10 3 Allies Corrupted . | . . . . . . . . . . . . . . . . . . . . Allies Melted . | . . . . . . . . . . . . . . . . . . . . Intel | -11 -10 -10 -9 -9 -9 -8 -8 -8 -8 -8 -7 -7 -7 -7 -7 -7 -6 -6 -6 ------- Run | Jun Mat Min Mat Min Exi Min Mat Gar Mat Sto Fac Gar Fac Low Low Dat Pro Fac Gar Robot Analysis Total 20 | . 7 . 2 . . . 2 . 3 2 1 . 2 . . . . 1 . Derelict Logs Recovered 5 | . . 1 . 2 . . . . . . . . . 2 . . . . . Drone Launches 2 | . . . . . 1 . . . . . 1 . . . . . . . . Drone Recoveries . | . . . . . . . . . . . . . . . . . . . . Exploration | -11 -10 -10 -9 -9 -9 -8 -8 -8 -8 -8 -7 -7 -7 -7 -7 -7 -6 -6 -6 ------------- Run | Jun Mat Min Mat Min Exi Min Mat Gar Mat Sto Fac Gar Fac Low Low Dat Pro Fac Gar Turns Passed 27556 | 90 1137 691 2522 1510 1965 373 3219 1523 827 1532 877 1752 2092 1502 1530 120 1337 1901 1056 Spaces Moved 14775 | 51 834 541 1454 681 1271 268 1702 900 422 617 315 651 1071 864 833 76 815 991 418 Core 13 | 13 . . . . . . . . . . . . . . . . . . . Treads 17 | . . . . . . . . . . . . . . . . . . . 17 Legs 756 | 38 34 . . . . . . . . . . 499 185 . . . . . . Wheels 13989 | . 800 541 1454 681 1271 268 1702 900 422 617 315 152 886 864 833 76 815 991 401 Hover . | . . . . . . . . . . . . . . . . . . . . Flight . | . . . . . . . . . . . . . . . . . . . . Fastest Speed 50 | 50 80 105 105 115 115 130 130 120 130 195 195 180 145 145 160 160 145 130 145 Average Speed 143 | 111 103 108 114 129 128 130 130 129 160 195 203 207 162 159 160 160 147 146 165 Slowest Speed 320 | 120 120 155 155 130 160 130 160 200 195 195 210 260 260 160 160 160 160 160 320 Overloaded Moves . | . . . . . . . . . . . . . . . . . . . . Propulsion Burnouts . | . . . . . . . . . . . . . . . . . . . . Robots Hopped 1 | . . . . . . . . . . 1 . . . . . . . . . Cave-ins Triggered . | . . . . . . . . . . . . . . . . . . . . Exploration Rate (%) 69 | 3 99 94 95 98 92 79 82 90 41 94 9 82 33 91 83 68 77 30 44 Regions Visited 19 Branch Regions 9 Pre-discovered Areas 3 | . . . . . 1 . . . . . . . . 1 . 1 . . . Known Exits Taken 11 | . 1 . 1 . . . 1 . 1 . 1 . 1 1 1 1 1 1 . Unknown Exits Taken 6 | 1 . 1 . 1 1 1 . . . 1 . . . . . . . . . Scrap Searched 19 | . . 2 . 2 . 3 . . . . . . . 5 7 . . . . Spaces Dug 103 | . . . 4 8 . . 2 . . . . . 8 2 32 . 3 11 33 Terrain Destroyed 579 | . . . 4 44 8 . 32 21 49 3 33 14 62 18 37 . 3 204 47 Melee 4 | . . . 4 . . . . . . . . . . . . . . . . Projectile 227 | . . . . 17 1 . 10 . 3 3 1 1 29 18 37 . 3 67 37 AOE 348 | . . . . 27 7 . 22 21 46 . 32 13 33 . . . . 137 10 Terrain Rammed . | . . . . . . . . . . . . . . . . . . . . Walls Destroyed . | . . . . . . . . . . . . . . . . . . . . Machines Disabled . | . . . . . . . . . . . . . . . . . . . . Actions | -11 -10 -10 -9 -9 -9 -8 -8 -8 -8 -8 -7 -7 -7 -7 -7 -7 -6 -6 -6 --------- Run | Jun Mat Min Mat Min Exi Min Mat Gar Mat Sto Fac Gar Fac Low Low Dat Pro Fac Gar Total 19328 | 70 994 618 2157 1215 1492 287 2536 1104 525 859 441 889 1306 943 993 75 924 1244 656 Wait 2648 | . 66 51 537 479 64 13 658 19 54 163 53 57 104 10 126 . 88 47 59 Move 14753 | 50 833 540 1453 680 1270 267 1701 898 421 614 314 650 1070 863 832 75 814 990 418 Hop 1 | . . . . . . . . . . 1 . . . . . . . . . Pick Up 218 | 8 20 5 33 1 27 1 26 11 2 5 6 20 9 5 2 . 1 22 14 Fast Attach 64 | 7 . . 1 2 . . 7 2 3 4 3 5 9 3 1 . . 11 6 Attach 104 | . 3 1 13 1 8 . 12 7 . 1 4 12 2 3 . . 1 20 16 Detach 23 | . . . . . . . 3 1 2 . . 2 4 1 . . . 7 3 Swap 193 | . 3 4 10 3 20 1 16 23 8 13 4 18 23 4 3 . 8 24 8 Drop 176 | . 8 4 28 3 22 2 20 8 7 6 5 16 15 4 3 . 1 22 2 Fire 940 | 5 37 13 77 46 34 3 93 95 28 44 52 104 62 20 26 . 11 100 90 Melee 76 | . 24 . 5 . 46 . . . . . . . . . . . . 1 . Ram . | . . . . . . . . . . . . . . . . . . . . Kick . | . . . . . . . . . . . . . . . . . . . . Crush . | . . . . . . . . . . . . . . . . . . . . Escape Stasis 69 | . . . . . . . . 8 . 8 . 5 8 . . . . . 40 Rewire 62 | . . . . . . . . 32 . . . . . 30 . . . . . Trap 1 | . . . . . 1 . . . . . . . . . . . . . . Miscellaneous . | . . . . . . . . . . . . . . . . . . . . Route ------- -11/Junkyard -10/Materials (discovered 5 exits: *Mat x3 / *Min x2) -10/Mines (discovered 2 exits: *Mat x2) -9/Materials (discovered 5 exits: *Mat x3 / *Min x2) -9/Mines (discovered 3 exits: *Mat x2 / *Exi) -9/Exiles -8/Mines -8/Materials (discovered 4 exits: *Fac x2 / *Sto / Gar) -8/Garrison (discovered 3 exits: *Mat x3) -8/Materials (discovered 3 exits: *Fac / *Sto x2) -8/Storage -7/Factory -7/Garrison (discovered 3 exits: *Fac x3) -7/Factory (discovered 2 exits: *Low x2) -7/Lower Caves -7/Lower Caves (discovered 2 exits: *Fac / *Dat) -7/Data Miner -6/Proximity Caves -6/Factory (discovered 4 exits: [*Fac] / Low x2 / Gar) -6/Garrison (discovered 1 exit: *Fac) History --------- Turn | Location | Event 19 | -11/Junkyard | Discovered new exit (range 16) 91 | -11/Junkyard | Entered Materials 91 | -10/Materials | Discovered new exit (range 14) 223 | -10/Materials | Discovered new exit (range 13) 239 | -10/Materials | Discovered new exit (range 5) 309 | -10/Materials | Build established: Mutant 755 | -10/Materials | Identified exit to Mines 767 | -10/Materials | Discovered new exit (range 16) 882 | -10/Materials | Discovered new exit (range 10) 913 | -10/Materials | Repaired Assault Rifle 1228 | -10/Materials | Entered Mines 1228 | -10/Mines | Accompanied by 1 ally 1556 | -10/Mines | Received a Rocket Launcher from a helpful Derelict 1572 | -10/Mines | Assisted by bots powering up and referring to "LRC-V3" 1573 | -10/Mines | Learned Materials emergency access door positions 1583 | -10/Mines | Discovered new exit (range 6) 1626 | -10/Mines | Core integrity fell below 50% 1778 | -10/Mines | Found a damaged Exp. Sensor Array with a note attached 1781 | -10/Mines | Found Prototype Device 1785 | -10/Mines | Discovered new exit (range 11) 1919 | -10/Mines | Entered Materials 1919 | -9/Materials | Accompanied by 3 allies 1919 | -9/Materials | Evolved 2 slots: Utility x2 2222 | -9/Materials | Build established: Scavenger-Mutant 2523 | -9/Materials | Central database locked down 2693 | -9/Materials | Discovered new exit (range 7) 3008 | -9/Materials | Discovered new exit (range 15) 3094 | -9/Materials | Identified Exp. Sensor Array 3260 | -9/Materials | Repaired Exp. Sensor Array 3281 | -9/Materials | Build established: Mutant 3462 | -9/Materials | Identified exit to Mines 3482 | -9/Materials | Discovered new exit (range 12) 3931 | -9/Materials | Discovered new exit (range 7) 4053 | -9/Materials | Repaired Com. Wheel 4197 | -9/Materials | Discovered new exit (range 16) 4441 | -9/Materials | Entered Mines 4441 | -9/Mines | Accompanied by 1 ally 4476 | -9/Mines | Discovered new exit (range 5) 4528 | -9/Mines | Assembled infested the area 4533 | -9/Mines | Assisted by a Guerilla fighting off Assembled 5221 | -9/Mines | Learned 2 Materials zone layouts 5299 | -9/Mines | Learned 2 Materials zone layouts 5432 | -9/Mines | Found a hidden stash of uninstalled traps 5881 | -9/Mines | Deemed a non-threat by the Exiles lab entrance 5881 | -9/Mines | Discovered new exit (range 5) 5900 | -9/Mines | Discovered new exit (range 16) 5951 | -9/Mines | Entered Exiles 5983 | -9/Exiles | Met 8R-AWN 6052 | -9/Exiles | Met EX-HEX 6197 | -9/Exiles | Learned location of Zion (-6) 6211 | -9/Exiles | Met EX-DEC 6409 | -9/Exiles | Discovered new exit (range 14) 6522 | -9/Exiles | Visited The Gauntlet 6685 | -9/Exiles | Met EX-BIN 6705 | -9/Exiles | Aligned with FarCom system 6707 | -9/Exiles | Given EX-Vault access code 6737 | -9/Exiles | Opened EX-Vault 6747 | -9/Exiles | Found Gui. Plasma Cannon 6749 | -9/Exiles | Found Supersonic Drone Bay 6781 | -9/Exiles | Warned to stay clear of 0b10 Research branches 6830 | -9/Exiles | Warned about trapping Exiles lab 6907 | -9/Exiles | Attacked by the Exiles 6981 | -9/Exiles | Destroyed 7 combat bots 6993 | -9/Exiles | Core integrity fell below 50% 7042 | -9/Exiles | Core integrity fell below 20% 7094 | -9/Exiles | Destroyed 8R-AWN 7100 | -9/Exiles | Found Prototype Ballistic Gun 7115 | -9/Exiles | Found Prototype Ballistic Gun 7211 | -9/Exiles | Identified 8R-AWN's Boregun (x2) 7347 | -9/Exiles | Destroyed EX-DEC 7394 | -9/Exiles | Destroyed EX-HEX 7409 | -9/Exiles | Destroyed EX-BIN 7447 | -9/Exiles | Found Prototype Device 7513 | -9/Exiles | Found Deploy-a-Sentry 7532 | -9/Exiles | Identified System Purifier 7916 | -9/Exiles | Entered Mines 8253 | -8/Mines | Discovered new exit (range 10) 8289 | -8/Mines | Entered Materials 8289 | -8/Materials | Evolved 2 slots: Utility x2 8605 | -8/Materials | Repaired Hrd. Medium Armor Plating 8657 | -8/Materials | Discovered new exit (range 12) 9399 | -8/Materials | Build established: Hacker-Mutant 9452 | -8/Materials | Destroyed 7 combat bots 9619 | -8/Materials | Discovered new exit (range 6) 9637 | -8/Materials | Central database locked down 9766 | -8/Materials | Repaired Hrd. Medium Armor Plating 9799 | -8/Materials | Repaired Imp. Light Cannon 9939 | -8/Materials | Identified exit to Storage 10110 | -8/Materials | Identified exit to Garrison 10297 | -8/Materials | Build established: Mutant 10864 | -8/Materials | Repaired Broken System Purifier 10914 | -8/Materials | Repaired Rocket Launcher 11508 | -8/Materials | Entered Garrison 11508 | -8/Garrison | Accompanied by 1 ally 11692 | -8/Garrison | Triggered checkpoint 11702 | -8/Garrison | Triggered checkpoint 11704 | -8/Garrison | Triggered checkpoint 11710 | -8/Garrison | Core integrity fell below 50% 11752 | -8/Garrison | Lost 4 parts (1n3u) 11754 | -8/Garrison | Destroyed 9 combat bots 11839 | -8/Garrison | Discovered new exit (range 12) 12172 | -8/Garrison | Triggered checkpoint 12211 | -8/Garrison | Garrison Relay disabled 12230 | -8/Garrison | Build established: Commander-Mutant 12298 | -8/Garrison | Discovered new exit (range 14) 12422 | -8/Garrison | Garrison Relay disabled 12537 | -8/Garrison | Discovered new exit (range 9) 12616 | -8/Garrison | Triggered checkpoint 12696 | -8/Garrison | Build established: Mutant 12751 | -8/Garrison | Garrison Relay disabled 12760 | -8/Garrison | Garrison Relay disabled 12963 | -8/Garrison | Attempted to access garrison exit controls, blocked by remote lockdown 13031 | -8/Garrison | Entered Materials 13031 | -8/Materials | Accompanied by 1 ally 13252 | -8/Materials | Garrison activated, responded to threat 13565 | -8/Materials | Garrison activated, responded to threat 13715 | -8/Materials | Discovered new exit (range 11) 13831 | -8/Materials | First assault squad dispatched 13858 | -8/Materials | Entered Storage 13876 | -8/Storage | Assisted by bots powering up and referring to "LRC-V3" 14393 | -8/Storage | Repaired Adv. Shield Generator 14459 | -8/Storage | Repaired Adv. Transmission Jammer 14748 | -8/Storage | Garrison activated, responded to threat 14758 | -8/Storage | Core integrity fell below 20% 14827 | -8/Storage | Repaired Arm. Wheel 14883 | -8/Storage | Discovered new exit (range 16) 15027 | -8/Storage | Central database locked down 15390 | -8/Storage | Entered Factory 15390 | -7/Factory | Evolved 2 slots: Utility x2 16006 | -7/Factory | Garrison activated, responded to threat 16062 | -7/Factory | Destroyed 7 combat bots 16192 | -7/Factory | Identified exit to Garrison 16267 | -7/Factory | Entered Garrison 16546 | -7/Garrison | Discovered new exit (range 29) 16546 | -7/Garrison | Discovered new exit (range 65) 16546 | -7/Garrison | Discovered new exit (range 64) 16578 | -7/Garrison | Build established: Hacker-Mutant 16580 | -7/Garrison | Triggered checkpoint 16612 | -7/Garrison | Garrison Relay disabled 16751 | -7/Garrison | Triggered checkpoint 16751 | -7/Garrison | Triggered checkpoint 16755 | -7/Garrison | Triggered checkpoint 16761 | -7/Garrison | Triggered checkpoint 16832 | -7/Garrison | Lost 6 parts (2n3u1w) 16839 | -7/Garrison | Destroyed 9 combat bots 17051 | -7/Garrison | Build established: Mutant 17055 | -7/Garrison | Core integrity fell below 50% 17187 | -7/Garrison | Learned Factory security intel 17294 | -7/Garrison | Garrison Relay disabled 17585 | -7/Garrison | Garrison Relay disabled 17980 | -7/Garrison | Garrison Relay disabled 18019 | -7/Garrison | Entered Factory 18214 | -7/Factory | Build established: Scavenger-Mutant 18591 | -7/Factory | Build established: Mutant 19219 | -7/Factory | First assault squad dispatched 19896 | -7/Factory | Identified exit to Lower Caves 19922 | -7/Factory | Garrison activated, responded to threat 20048 | -7/Factory | Build established: Hacker-Mutant 20111 | -7/Factory | Entered Lower Caves 20127 | -7/Lower Caves | Met a Warlord Commander 20128 | -7/Lower Caves | Learned location of Warlord (-4) 20130 | -7/Lower Caves | Found Alien Artifact 20130 | -7/Lower Caves | Identified Core Expander 20130 | -7/Lower Caves | Installed Core Expander, added new Weapon slot 20137 | -7/Lower Caves | Found Encrypted Comm Array 20462 | -7/Lower Caves | Learned Factory emergency access door positions 20710 | -7/Lower Caves | Build established: Tank 20779 | -7/Lower Caves | Attracted the attention of an 0b10 outpost 21075 | -7/Lower Caves | Build established: Mutant 21478 | -7/Lower Caves | Identified exit to Lower Caves 21531 | -7/Lower Caves | Encountered a Warlord checkpoint 21613 | -7/Lower Caves | Entered another Lower Caves area 21613 | -7/Lower Caves | Accompanied by 2 allies 21633 | -7/Lower Caves | Discovered new exit (range 10) 22009 | -7/Lower Caves | Encountered a Warlord checkpoint 23012 | -7/Lower Caves | Discovered new exit (range 13) 23119 | -7/Lower Caves | Identified exit to Data Miner 23143 | -7/Lower Caves | Entered Data Miner 23143 | -7/Data Miner | Discovered new exit (range 6) 23174 | -7/Data Miner | Met Data Miner 23201 | -7/Data Miner | Learned location of Section 7 (-2) 23201 | -7/Data Miner | Acquired the access code to Warlord's prototype stash 23228 | -7/Data Miner | Received God Mode back door access code from Data Miner 23262 | -7/Data Miner | Identified exit to Proximity Caves 23263 | -7/Data Miner | Entered Proximity Caves 23554 | -6/Proximity Caves | Escorted by Enhanced Grunt 23557 | -6/Proximity Caves | Core integrity fell below 20% 23853 | -6/Proximity Caves | Build established: Tank 24067 | -6/Proximity Caves | Attracted the attention of an 0b10 checkpoint 24475 | -6/Proximity Caves | Discovered new exit (range 10) 24537 | -6/Proximity Caves | Build established: Mutant 24598 | -6/Proximity Caves | Identified exit to Factory 24600 | -6/Proximity Caves | Entered Factory 24600 | -6/Factory | Accompanied by 1 ally 24600 | -6/Factory | Evolved 2 slots: Utility x2 24617 | -6/Factory | Spotted B-75 Beast 24632 | -6/Factory | Allies destroyed B-75 Beast 24803 | -6/Factory | Garrison activated, responded to threat 24926 | -6/Factory | Incoming investigation squad redirected 25006 | -6/Factory | Joined by Warlord Geek squad 25075 | -6/Factory | Build established: Hacker-Tank 25175 | -6/Factory | Fabricated L-41 Fighter (x3) 25346 | -6/Factory | Joined by Warlord Dakka squad 25436 | -6/Factory | Cargo convoy interrupted 25440 | -6/Factory | P-60 Hacker assimilated allied 6D-8H2(s) 25454 | -6/Factory | Incoming assault squad redirected 25508 | -6/Factory | Found Prototype Device 25508 | -6/Factory | Identified Adv. Kinecellerator 25511 | -6/Factory | Destroyed 12 combat bots 25519 | -6/Factory | Lost 6 parts (1n3u2w) 25535 | -6/Factory | Found Prototype Processor 25542 | -6/Factory | Found Prototype Processor 25542 | -6/Factory | Identified Exp. Terrain Scan Processor (x2) 25619 | -6/Factory | Found Adv. Kinecellerator 25629 | -6/Factory | Found Adv. Kinecellerator 25725 | -6/Factory | Incoming investigation squad redirected 25760 | -6/Factory | Build established: Skirmisher 25773 | -6/Factory | Fabricated E-15 Imp (x2) 25904 | -6/Factory | Identified exit to Lower Caves 26000 | -6/Factory | First assault squad dispatched 26017 | -6/Factory | Incoming assault squad redirected 26106 | -6/Factory | Found Adv. Kinecellerator 26232 | -6/Factory | Joined by Warlord Muscle squad 26262 | -6/Factory | Discovered new exit (range 19) 26276 | -6/Factory | Incoming investigation squad redirected 26292 | -6/Factory | Incoming investigation squad redirected 26352 | -6/Factory | Fabricated Lgt. Regenerative Plating (x1) 26447 | -6/Factory | Incoming investigation squad redirected 26450 | -6/Factory | Garrison activated, responded to threat 26486 | -6/Factory | Identified exit to Garrison 26501 | -6/Factory | Entered Garrison 26588 | -6/Garrison | Triggered checkpoint 26624 | -6/Garrison | Garrison Relay disabled 26676 | -6/Garrison | Rescued a captive Derelict 26676 | -6/Garrison | Rescued a captive Derelict 26770 | -6/Garrison | Triggered checkpoint 26771 | -6/Garrison | Spotted B-75 Beast 26794 | -6/Garrison | Core integrity fell below 50% 26811 | -6/Garrison | Destroyed B-75 Beast 26888 | -6/Garrison | Triggered checkpoint 26893 | -6/Garrison | Triggered checkpoint 26933 | -6/Garrison | Core integrity fell below 20% 26992 | -6/Garrison | Lost 16 parts (2p3n6u5w) 27136 | -6/Garrison | Triggered checkpoint 27185 | -6/Garrison | Discovered new exit (range 9) 27211 | -6/Garrison | Identified exit to Factory 27363 | -6/Garrison | Garrison Relay disabled 27549 | -6/Garrison | Heavy support dispatched to Factory 27557 | -6/Garrison | Destroyed by G-50 Soldier with Heavy Laser Last Messages --------------- 27420_ Acquired 4 matter. 27479_ Acquired 3 matter. 27486_ Acquired Cmb. Airjet. 27491_ Acquired Corrupted Cmb. Airjet. 27500_ Triggered Stasis Trap. 27500_ A bubble of rippling energy engulfs the area. 27500_ Field strength at 90. 27502_ Field strength at 80. 27503_ Field strength at 70. 27504_ Field strength at 60. 27505_ Field strength at 50. 27506_ Field strength at 40. 27507_ Field strength at 30. 27508_ Field strength at 20. 27509_ Field strength at 10. 27510_ Stasis field depleted. 27549_ ALERT: Dispatching Heavy support to Factory. 27553_ G-67 Veteran destroyed. 27555_ Critical hit (Burn: +37). 27556_ G-50 Soldier knocked back. Map ----- +----------------------------------------------------+ | ?????????????????????????????????????????????????? | | ?????????????????????????????????????????????????? | | ????????????????????????? ?????????????????????? | | ????????????????????????? ?????????????????????? | | ????????????????????????? ?????????????????????? | | ????????????????????????? #????????????????????? | | ????????????????????????# #????????????????????? | | ????????????????????????# #????????????????????? | | ????????????????????????# #????????????????????? | | ????????????????????????# #????????????????????? | | ????????????????????????# #????????????????????? | | ????????????????????????# #????????????????????? | | ????????????????????????# #????????????????##??? | | ????????????????????????# #?????????????????"### | | ????????????????????????# #????????????????? # | | ????????????????????????# #????????????????## | | ????????????????????????# #????????????????# | | ????????????????????????# #????????????????# | | ????????????????????????# #????????????????#" ## | | ??????????????????????### #????????????????#" | | ??????????????????????? %% #???????????????### | | ????????????????????????%gg #??????????????## | | ????????????????????????#%= #??????????????# | | ????????????????????????#! #???????????????# # | | ????????????????????????# #??????????????## | | ????????????????????????#@ #??????????????# # | | ????????????????????????# #???????????###### | | ????????????????????????# #???????????# # */# | | ????????????????????????#l ############# # == | | ????????????????????????+ ^ [ | | ????????????????????????# ^^^^ = | | ???????????????????????#; ^^^ ^ == | | ???????????????????????###;######### ## #%% | | ?????????????????????????###?????### ## # | | ?????????????????????????????????# % | | ?????????????????????????????????# %% | | ?????????????????????????????????# % | | ?????????????????????????????????# | | ?????????????????????????????????### ## ## | | ???????????????????????????????????# ## # | | ???????????????????????????? | | ???????????????????????????? | | ?????????????????????????????####### | | ???????????????????????????????????## ##""""## # | | ????????????????????????????????????# #??????# # | | ????????????????????????????????????# #??????# # | | ????????????????????????????????????# #??????# # | | ????????????????????????????????????# #??????# # | | ????????????????????????????????????? #??????# # | | ????????????????????????????????????? #??????# # | +----------------------------------------------------+ Best States ------------- Heat Dissipation 107 Coolant Potential 65 Energy Generation 19 Energy Capacity 315 Matter Stores 300 Matter Capacity 300 Sight Range 23 Robot Scan Range 20 Terrain Scan Range 20 Terrain Scan Density 1010 ECM Strength 1 Jamming Range 16 Power Amplification 20 Corruption Block 8 Armor Coverage 1425 Resistance: TH 15 Resistance: EM 25 Evasion (%) 55 Targeting Accuracy 6 Target Analysis 6 Recoil Reduction 1 Kinecelleration 50 Offensive Hacking 20 Defensive Hacking 14 Item Schematics ----------------- Exp. Sensor Array | -9/Materials | Scanalyzed Enh. Autogun | -9/Materials | Scanalyzed Rocket Launcher | -9/Materials | Scanalyzed System Purifier | -8/Materials | Scanalyzed Plasma Cannon | -8/Storage | Hacked Imp. Deuterium Engine | -8/Storage | Hacked Adv. System Shield | -7/Factory | Scanalyzed Combat Drone Bay | -7/Data Miner | Free Lgt. Regenerative Plating | -7/Data Miner | Free Cld. Aerolev Unit | -7/Data Miner | Free Gravity Neutralizer | -7/Data Miner | Free Antimatter Cannon | -7/Data Miner | Free Antigrav System | -7/Data Miner | Free Imp. Component Analysis Suite | -7/Data Miner | Free Lance | -7/Data Miner | Free EM Disruption Field | -7/Data Miner | Free Antimatter Reactor | -7/Data Miner | Free Graphene Brace | -7/Data Miner | Free Imp. Transmission Jammer | -7/Data Miner | Free Adv. Plasma Cannon | -6/Factory | Scanalyzed Enh. Optical Array | -6/Factory | Hacked Robot Schematics ------------------ R-10 Processor | -7/Data Miner | Free G-47 Trooper | -7/Data Miner | Free M-14 Sweeper | -7/Data Miner | Free A-15 Conveyor | -7/Data Miner | Free Fabricated ------------ L-41 Fighter | x3 | -6/Factory | Preloaded E-15 Imp | x2 | -6/Factory | Preloaded Lgt. Regenerative Plating | x1 | -6/Factory Alien Tech Used ----------------- Core Expander Achievements -------------- None Challenges ------------ None Game ------ Seed ColdSpikedBlade Manual? 0 Play Time 04:31:32 Cumulative 587.1 hours Start 2023.03.19 @ 15:26:34 End 2023.03.19 @ 21:28:37 Sessions 1 Manual Loads 0 Difficulty Rogue Special Mode None Game No. 409 Rogue 409 Adventurer 0 Explorer 0 Win Type - Total 1 Types 1/0/0/0/0/0/0/0/0 Lore% 70 Gallery% 78 Achievement% 58 Wizard Run 0 Options --------- ASCII 0 Keyboard 0 Movement Mouse Keybinds 0 Fullscreen 1 Font 16/SmallcapsGlow Map View 75x55 Tactical HUD 1 Map Filters NONE Filters NONE Steam 1 RUN: f4999c80-f450-4448-a8d0-104ee7b484e3